TOP OF THE 1ST |
Corpus Christi Twins batting - Pitching for Sylvania Maple Leaves : RHP Jim Unknown
|
Pitching: RHP Jim Unknown
|
|
Batting: RHB John Howell
|
0-0: Ball 1-0: Called Strike 1-1: Foul Ball, location: 2F 1-2: Fly out, F9 (Flyball, 9LM)
|
Batting: RHB Denis Taylor
|
0-0: Called Strike 0-1: Ball 1-1: Called Strike 1-2: Ball 2-2: Foul Ball, location: 2F 2-2: Ball 3-2: Strikes out swinging
|
Batting: RHB Gonzalo Núñez
|
0-0: Ball 1-0: Ground out 5-3 (Groundball, 5)
|
Top of the 1st over - 0 run(s), 0 hit(s), 0 error(s), 0 left on base; Corpus Christi 0 - Sylvania 0 |
BOTTOM OF THE 1ST |
Sylvania Maple Leaves batting - Pitching for Corpus Christi Twins : RHP Jorge Castillo
|
Pitching: RHP Jorge Castillo
|
|
Batting: RHB Kenny Norton
|
0-0: Swinging Strike 0-1: Ground out U3 (Groundball, 3S)
|
Batting: RHB Bernardo Márquez
|
0-0: Bunt for hit - play at first, batter OUT! 5-3
|
Batting: RHB Nick McKnight
|
0-0: Called Strike 0-1: Ground out 6-3 (Groundball, 6)
|
Bottom of the 1st over - 0 run(s), 0 hit(s), 0 error(s), 0 left on base; Corpus Christi 0 - Sylvania 0 |
TOP OF THE 2ND |
Corpus Christi Twins batting - Pitching for Sylvania Maple Leaves : RHP Jim Unknown
|
Batting: LHB Juan Durán
|
0-0: Foul Ball, location: 2F 0-1: Ball 1-1: Ball 2-1: Ball 3-1: Base on Balls
|
Batting: RHB Júlio Santos
|
0-0: Foul Ball, location: 2F 0-1: Ball 1-1: Foul Ball, location: 2F 1-2: Foul Ball, location: 2F 1-2: Ball 2-2: Strikes out swinging
|
Batting: LHB Michael Smith
|
0-0: 2-RUN HOME RUN (Flyball, 89XD), Distance : 434 ft
|
Batting: RHB Daniel Cooper
|
0-0: Called Strike 0-1: Ball 1-1: Fly out, F6 (Popup, 6M)
|
Batting: RHB Carlos Santos
|
0-0: Ball 1-0: Called Strike 1-1: Ball 2-1: Ground out 1-3 (Groundball, 15)
|
Top of the 2nd over - 2 run(s), 1 hit(s), 0 error(s), 0 left on base; Corpus Christi 2 - Sylvania 0 |
BOTTOM OF THE 2ND |
Sylvania Maple Leaves batting - Pitching for Corpus Christi Twins : RHP Jorge Castillo
|
Batting: LHB Iván Gonzáles
|
0-0: Ball 1-0: Foul Ball, location: 2F 1-1: Called Strike 1-2: Strikes out swinging
|
Batting: RHB Mike Neal
|
0-0: Ball 1-0: Ball 2-0: Reached on error, E6 (Groundball, 6M)
|
Batting: RHB Ingo van Ham
|
0-0: Called Strike 0-1: Ball Mike Neal steals 3rd base 1-1: Ground out 5-3 (Groundball, 56) Mike Neal scores
|
Batting: RHB José Valdéz
|
0-0: Swinging Strike 0-1: Ball 1-1: Foul Ball, location: 2F 1-2: Strikes out swinging
|
Bottom of the 2nd over - 1 run(s), 0 hit(s), 1 error(s), 0 left on base; Corpus Christi 2 - Sylvania 1 |
TOP OF THE 3RD |
Corpus Christi Twins batting - Pitching for Sylvania Maple Leaves : RHP Jim Unknown
|
Batting: LHB Curtis Peters
|
0-0: Fly out, F7 (Flyball, 78M)
|
Batting: RHB John Howell
|
0-0: Foul Ball, location: 2F 0-1: Foul Ball, location: 2F 0-2: Ball 1-2: Hit by Pitch
|
Batting: RHB Denis Taylor
|
0-0: Ball 1-0: Ball John Howell steals 2nd base 2-0: Called Strike 2-1: Called Strike 2-2: Ball 3-2: SINGLE (Line Drive, 4MD) John Howell to third Runner from 3rd tries for Home, SAFE, no throw or cutoff
|
Batting: RHB Gonzalo Núñez
|
0-0: Ball 1-0: Ball 2-0: Grounds into double play, 1-6-3 (Groundball, 25)
|
Top of the 3rd over - 1 run(s), 1 hit(s), 0 error(s), 0 left on base; Corpus Christi 3 - Sylvania 1 |
BOTTOM OF THE 3RD |
Sylvania Maple Leaves batting - Pitching for Corpus Christi Twins : RHP Jorge Castillo
|
Batting: RHB Fernando Díaz
|
0-0: Called Strike 0-1: Ball 1-1: Fly out, F2 (Popup, 2LF)
|
Batting: SHB Curt Bryant
|
0-0: Ball 1-0: Foul Ball, location: 2F 1-1: Ball 2-1: Foul Ball, location: 2F 2-2: Foul Ball, location: 2F 2-2: SINGLE (Groundball, 4MD)
|
Batting: RHB Kenny Norton
|
0-0: Called Strike 0-1: Ball 1-1: Ball 2-1: Ball 3-1: Foul Ball, location: 2F 3-2: Base on Balls Curt Bryant to second
|
Batting: RHB Bernardo Márquez
|
0-0: Called Strike 0-1: Ball 1-1: Foul Ball, location: 2F 1-2: SINGLE (Line Drive, 9S) Curt Bryant to third Kenny Norton to second
|
Batting: RHB Nick McKnight
|
0-0: Ball 1-0: SINGLE (Groundball, 56D) Curt Bryant scores Kenny Norton to third Bernardo Márquez to second Runner from 3rd tries for Home, SAFE, throw made at trailing runner, OUT at third!
|
Batting: LHB Iván Gonzáles
|
0-0: Called Strike 0-1: Foul Ball, location: 2F 0-2: Strikes out swinging
|
Bottom of the 3rd over - 2 run(s), 3 hit(s), 0 error(s), 1 left on base; Corpus Christi 3 - Sylvania 3 |
TOP OF THE 4TH |
Corpus Christi Twins batting - Pitching for Sylvania Maple Leaves : RHP Jim Unknown
|
Batting: LHB Juan Durán
|
0-0: Ball 1-0: Ball 2-0: Foul Ball, location: 2F 2-1: DOUBLE (Line Drive, 78M)
|
Batting: RHB Júlio Santos
|
0-0: Foul Ball, location: 2F 0-1: Foul Ball, location: 2F 0-2: Ball 1-2: Strikes out looking
|
Batting: LHB Michael Smith
|
0-0: Fly out, F4 (Popup, 4MS)
|
Batting: RHB Daniel Cooper
|
0-0: Ball 1-0: Called Strike 1-1: Ball 2-1: Ground out 1-3 (Groundball, 15)
|
Top of the 4th over - 0 run(s), 1 hit(s), 0 error(s), 1 left on base; Corpus Christi 3 - Sylvania 3 |
BOTTOM OF THE 4TH |
Sylvania Maple Leaves batting - Pitching for Corpus Christi Twins : RHP Jorge Castillo
|
Batting: RHB Mike Neal
|
0-0: Ball 1-0: Foul Ball, location: 2F 1-1: Ball 2-1: Ball 3-1: Foul Ball, location: 2F 3-2: Ground out 5-3 (Groundball, 5)
|
Batting: RHB Ingo van Ham
|
0-0: Ball 1-0: Called Strike 1-1: Ball 2-1: Called Strike 2-2: Foul Ball, location: 2F 2-2: Strikes out looking
|
Batting: RHB José Valdéz
|
0-0: Ground out 6-3 (Groundball, 6)
|
Bottom of the 4th over - 0 run(s), 0 hit(s), 0 error(s), 0 left on base; Corpus Christi 3 - Sylvania 3 |
TOP OF THE 5TH |
Corpus Christi Twins batting - Pitching for Sylvania Maple Leaves : RHP Jim Unknown
|
Batting: RHB Carlos Santos
|
0-0: SINGLE (Groundball, 6MD)
|
Batting: LHB Curtis Peters
|
0-0: Bunt missed! 0-1: Sac Bunt - play at first, batter OUT! 1-4 Carlos Santos to second
|
Batting: RHB John Howell
|
0-0: Ball 1-0: Fly out, F7 (Line Drive, 7LM)
|
Batting: RHB Denis Taylor
|
0-0: Fly out, F8 (Line Drive, 89S)
|
Top of the 5th over - 0 run(s), 1 hit(s), 0 error(s), 1 left on base; Corpus Christi 3 - Sylvania 3 |
BOTTOM OF THE 5TH |
Sylvania Maple Leaves batting - Pitching for Corpus Christi Twins : RHP Jorge Castillo
|
Batting: RHB Fernando Díaz
|
0-0: Called Strike 0-1: Foul Ball, location: 2F 0-2: Ball 1-2: Ball 2-2: Strikes out swinging
|
Batting: SHB Curt Bryant
|
0-0: Ball 1-0: Ball 2-0: Called Strike 2-1: Foul Ball, location: 2F 2-2: Foul Ball, location: 2F 2-2: Fly out, F6 (Popup, 6MS)
|
Batting: RHB Kenny Norton
|
0-0: Fly out, F9 (Flyball, 9LM)
|
Bottom of the 5th over - 0 run(s), 0 hit(s), 0 error(s), 0 left on base; Corpus Christi 3 - Sylvania 3 |
TOP OF THE 6TH |
Corpus Christi Twins batting - Pitching for Sylvania Maple Leaves : RHP Jim Unknown
|
Batting: RHB Gonzalo Núñez
|
0-0: Ball 1-0: Called Strike 1-1: SINGLE (Line Drive, 34D)
|
Batting: LHB Juan Durán
|
0-0: Ball 1-0: Ball 2-0: Ball 3-0: Called Strike 3-1: 2-RUN HOME RUN (Flyball, 9D), Distance : 385 ft
|
Pitching: LHP Han Sawallisch
|
|
Batting: RHB Júlio Santos
|
0-0: Foul Ball, location: 2F 0-1: Swinging Strike 0-2: Foul Ball, location: 2F 0-2: Ball 1-2: Ball 2-2: Strikes out swinging
|
Batting: LHB Michael Smith
|
0-0: Called Strike 0-1: Ball 1-1: Called Strike 1-2: Fly out, F3 (Line Drive, 3S)
|
Batting: RHB Daniel Cooper
|
0-0: Ball 1-0: Ball 2-0: Called Strike 2-1: Fly out, F7 (Flyball, 7M)
|
Top of the 6th over - 2 run(s), 2 hit(s), 0 error(s), 0 left on base; Corpus Christi 5 - Sylvania 3 |
BOTTOM OF THE 6TH |
Sylvania Maple Leaves batting - Pitching for Corpus Christi Twins : RHP Jorge Castillo
|
Batting: RHB Bernardo Márquez
|
0-0: Ball 1-0: Foul Ball, location: 2F 1-1: Called Strike 1-2: Fly out, F9 (Flyball, 89S)
|
Batting: RHB Nick McKnight
|
0-0: Called Strike 0-1: Ball 1-1: Ball 2-1: Ground out 5-3 (Groundball, 56S)
|
Batting: LHB Iván Gonzáles
|
0-0: Called Strike 0-1: Foul Ball, location: 2F 0-2: Foul Ball, location: 2F 0-2: SINGLE (Groundball, 34D)
|
Batting: RHB Mike Neal
|
0-0: Called Strike 0-1: Called Strike 0-2: Ball 1-2: Ball 2-2: Ball 3-2: SINGLE (Groundball, 56D) Iván Gonzáles to second Iván Gonzáles to third
|
Batting: RHB Ingo van Ham
|
0-0: Foul Ball, location: 2F 0-1: Called Strike 0-2: Strikes out looking
|
Bottom of the 6th over - 0 run(s), 2 hit(s), 0 error(s), 2 left on base; Corpus Christi 5 - Sylvania 3 |
TOP OF THE 7TH |
Corpus Christi Twins batting - Pitching for Sylvania Maple Leaves : LHP Han Sawallisch
|
Batting: RHB Carlos Santos
|
0-0: Ball 1-0: Called Strike 1-1: Swinging Strike 1-2: Strikes out looking
|
Batting: LHB Curtis Peters
|
0-0: Called Strike 0-1: Ball 1-1: Swinging Strike 1-2: SINGLE (Line Drive, 56D)
|
Batting: RHB John Howell
|
0-0: Ball 1-0: Swinging Strike 1-1: Ball 2-1: Swinging Strike 2-2: Ground out 5-3 (Groundball, 56S) Curtis Peters to second
|
Batting: RHB Denis Taylor
|
0-0: Swinging Strike 0-1: Ball 1-1: Foul Ball, location: 2F 1-2: Fly out, F8 (Flyball, 8LM)
|
Top of the 7th over - 0 run(s), 1 hit(s), 0 error(s), 1 left on base; Corpus Christi 5 - Sylvania 3 |
BOTTOM OF THE 7TH |
Sylvania Maple Leaves batting - Pitching for Corpus Christi Twins : RHP Jorge Castillo
|
Batting: RHB José Valdéz
|
0-0: SINGLE (Groundball, 56D)
|
Batting: RHB Fernando Díaz
|
0-0: Ball 1-0: Foul Ball, location: 2F 1-1: Called Strike 1-2: SINGLE (Groundball, 56D) José Valdéz to second
|
Pinch Runner at 2nd Jim Unknown:
|
|
Batting: SHB Curt Bryant
|
0-0: Ball 1-0: SINGLE (Groundball, 56D) Jim Unknown to third Fernando Díaz to second Runner from 3rd tries for Home, SAFE, no throw or cutoff
|
Batting: RHB Kenny Norton
|
0-0: Ball 1-0: Bunted foul 1-1: Bunted foul 1-2: Foul Ball, location: 2F 1-2: Ball 2-2: Foul Ball, location: 2F 2-2: SINGLE (Groundball, 4) Fernando Díaz to third Curt Bryant to second
|
Batting: RHB Bernardo Márquez
|
0-0: Ball 1-0: Called Strike 1-1: Foul Ball, location: 2F 1-2: Strikes out looking
|
Batting: RHB Nick McKnight
|
0-0: Grounds into fielders choice 1-2 (Groundball, 13) Curt Bryant to third Kenny Norton to second
|
Batting: LHB Iván Gonzáles
|
0-0: Called Strike 0-1: Ball 1-1: Ball 2-1: Fly out, F5 (Popup, 5F)
|
Bottom of the 7th over - 1 run(s), 4 hit(s), 0 error(s), 3 left on base; Corpus Christi 5 - Sylvania 4 |
TOP OF THE 8TH |
Corpus Christi Twins batting - Pitching for Sylvania Maple Leaves : LHP Han Sawallisch
|
Pitching: RHP Abel Blok
|
|
Now in RF: Jim Unknown
|
|
Batting: RHB Gonzalo Núñez
|
0-0: Foul Ball, location: 2F 0-1: Ball 1-1: Called Strike 1-2: Strikes out swinging
|
Batting: LHB Juan Durán
|
0-0: Ball 1-0: Called Strike 1-1: Foul Ball, location: 2F 1-2: Strikes out swinging
|
Batting: RHB Júlio Santos
|
0-0: Ball 1-0: Ground out 6-3 (Groundball, 6)
|
Top of the 8th over - 0 run(s), 0 hit(s), 0 error(s), 0 left on base; Corpus Christi 5 - Sylvania 4 |
BOTTOM OF THE 8TH |
Sylvania Maple Leaves batting - Pitching for Corpus Christi Twins : RHP Jorge Castillo
|
Now at C: Vincent Parker
|
|
Now at 3B: Chad Graham
|
|
Batting: RHB Mike Neal
|
0-0: Called Strike 0-1: Ball 1-1: SOLO HOME RUN (Flyball, 7LD), Distance : 363 ft
|
Pitching: LHP Craig Bolton
|
|
Batting: RHB Ingo van Ham
|
0-0: Ground out 2-3 (Groundball, 2L)
|
Batting: LHB Jim Unknown
|
0-0: Fly out, F8 (Flyball, 8LD)
|
Batting: RHB Fernando Díaz
|
0-0: Called Strike 0-1: Ball 1-1: Ball 2-1: Ball 3-1: Fly out, F5 (Line Drive, 5)
|
Bottom of the 8th over - 1 run(s), 1 hit(s), 0 error(s), 0 left on base; Corpus Christi 5 - Sylvania 5 |
TOP OF THE 9TH |
Corpus Christi Twins batting - Pitching for Sylvania Maple Leaves : RHP Abel Blok
|
Batting: LHB Michael Smith
|
0-0: Foul Ball, location: 2F 0-1: Ground out 5-3 (Groundball, 56S)
|
Batting: RHB Chad Graham
|
0-0: Ground out 6-3 (Groundball, 6)
|
Pinch Hitting: LHB Don Sullivan
|
0-0: Ball 1-0: Called Strike 1-1: Ball 2-1: SOLO HOME RUN (Line Drive, 9D), Distance : 392 ft
|
Pitching: LHP Hildebrand Claessens
|
|
Batting: LHB Curtis Peters
|
0-0: Ball 1-0: Ball 2-0: Fly out, F7 (Flyball, 78S)
|
Top of the 9th over - 1 run(s), 1 hit(s), 0 error(s), 0 left on base; Corpus Christi 6 - Sylvania 5 |
BOTTOM OF THE 9TH |
Sylvania Maple Leaves batting - Pitching for Corpus Christi Twins : LHP Craig Bolton
|
Pitching: RHP Reynaldo Díaz
|
|
Now at SS: Bill McCarty
|
|
Batting: SHB Curt Bryant
|
0-0: Ball 1-0: Fly out, F9 (Flyball, 89M)
|
Batting: RHB Kenny Norton
|
0-0: Ball 1-0: Foul Ball, location: 2F 1-1: Foul Ball, location: 2F 1-2: Strikes out looking
|
Batting: RHB Bernardo Márquez
|
0-0: SINGLE (Groundball, 34D)
|
Batting: RHB Nick McKnight
|
0-0: Called Strike 0-1: Ball Passed Ball! Bernardo Márquez to second 1-1: Ball 2-1: Foul Ball, location: 2F 2-2: SINGLE (Line Drive, 6M) Bernardo Márquez to third
|
Batting: LHB Iván Gonzáles
|
0-0: Ball 1-0: Ball 2-0: Called Strike 2-1: Called Strike 2-2: Strikes out swinging
|
Bottom of the 9th over - 0 run(s), 2 hit(s), 0 error(s), 2 left on base; Corpus Christi 6 - Sylvania 5 |
|